Map: Ulrena

Players

Cakes - Winner!

  • Race: Terran Terran
  • League: Platinum

LilDicky

  • Race: Protoss Protoss
  • League: Diamond

VOD

http://www.twitch.tv/tumescentpie

Description

Time

  • Played on: Jan. 4, 2016, 1:49 a.m.
  • Length: 11:38
Show
View Real Time Build Order
Export as new Build Order

Cakes Terran - Winner!

Build Orders: Reaper Expand, MMM Bio 

Get SALT Encoding   

  12  0:00  SCV  
  13  0:13  SCV  
  14  0:17  Supply Depot  
  14  0:25  SCV  
  15  0:39  SCV  
  15  0:40  Barracks  
  16  0:45  Refinery  
  16  0:51  SCV  
  17  1:03  SCV  
  18  1:15  SCV  
  19  1:27  Orbital Command  
  19  1:29  Reaper  
  20  1:43  Command Center  
  21  1:54  SCV  
  21  1:55  Supply Depot  
  21  2:07  Bunker  
  21  2:09  SCV, Barracks Reactor  
  22  2:17  Refinery  
  22  2:21  SCV  
  23  2:42  SCV  
  24  2:48  Factory  
  24  2:54  SCV  
  24  2:59  Marine  
  24  3:00  Engineering Bay, Marine  
  24  3:03  Orbital Command  
  26  3:06  SCV  
  27  3:13  Barracks  
  27  3:18  SCV  
  27  3:19  Supply Depot  
  28  3:20  Marine x2  
  30  3:30  SCV  
  30  3:31  SCV  
  30  3:32  Widow Mine  
  34  3:42  SCV  
  34  3:43  Missile Turret  
  34  3:46  Missile Turret  
  34  3:48  Marine  
  36  3:49  Marine  
  36  3:52  SCV  
  33  4:10  SCV  
  33  4:11  SCV  
  33  4:14  Marine  
  33  4:15  Widow Mine, Marine  
  39  4:17  Barracks Tech Lab  
  39  4:22  Starport  
  39  4:23  SCV x2  
  41  4:32  Supply Depot  
  41  4:33  Marine x2  
  41  4:37  Marine  
  44  4:39  Stimpack  
  44  4:40  Terran Infantry Weapons Level 1  
  41  4:58  Marine x2  
  41  4:59  Widow Mine, Marine  
  46  5:00  Medivac  
  48  5:14  Bunker  
  47  5:33  Marine  
  47  5:34  Marine  
  46  5:36  Marine  
  46  5:37  Medivac  
  46  5:42  Widow Mine  
  45  5:51  Marine  
  46  6:22  Medivac  
  46  6:24  Marine x2  
  46  6:30  Marine  
  45  6:34  Widow Mine  
  46  6:50  Marine x3  
  46  6:52  Medivac  
  46  6:53  Combat Shields  
  51  6:59  SCV x2  
  53  7:02  Barracks  
  53  7:03  Barracks  
  53  7:04  Barracks  
  53  7:08  Marine x3  
  56  7:11  SCV x2  
  58  7:20  Widow Mine  
  58  7:22  Medivac  
  62  7:25  Marine x3  
  55  7:42  Terran Infantry Armor Level 1  
  55  7:43  Marine x2  
  57  7:50  Widow Mine  
  59  7:53  Marine x3  
  62  8:01  Supply Depot  
  62  8:03  Supply Depot x2  
  62  8:17  Marine x2  
  62  8:23  Marauder  
  67  8:35  Command Center, Marine x2  
  67  8:36  Barracks Tech Lab  
  67  8:38  Barracks Tech Lab  
  67  8:40  Barracks Tech Lab  
  66  8:42  Concussive Shells  
  66  8:44  Marauder  
  68  8:53  Factory Tech Lab  
  68  8:57  SCV x2  
  70  9:06  Marine x5, Marauder  
  70  9:09  Command Center, SCV x2  
  79  9:21  SCV x2  
  79  9:24  Marine x4  
  82  9:28  Marauder  
  85  9:40  Starport Reactor  
  85  9:46  Armory, Marauder x2  
  85  9:47  Marauder  
  85  9:49  Engineering Bay, Marauder  
  93  9:55  SCV  
  93  9:56  SCV, Supply Depot  
  93  9:57  Supply Depot  
  95  10:00  Orbital Command  
  95  10:08  Marauder x3  
  95  10:10  Refinery  
  95  10:11  SCV x2, Marauder  
  105  10:14  Refinery  
  105  10:23  Planetary Fortress  
  105  10:27  SCV x2  
  105  10:28  SCV  
  109  10:47  SCV x2  
  109  10:49  Marine x6  
  116  10:59  SCV  
  116  11:00  SCV  
  116  11:07  Orbital Command  
  112  11:12  SCV  
Show
View Real Time Build Order
Export as new Build Order

LilDicky Protoss 

Build Orders: Oracle Opening 

Get SALT Encoding   

  12  0:01  Probe (Chrono Boost)  
  13  0:12  Probe (Chrono Boost)  
  14  0:18  Pylon  
  14  0:22  Probe (Chrono Boost)  
  15  0:36  Probe (Chrono Boost)  
  15  0:41  Gateway  
  16  0:44  Assimilator  
  16  0:48  Probe (Chrono Boost)  
  17  0:59  Probe (Chrono Boost)  
  18  1:13  Pylon  
  18  1:15  Probe (Chrono Boost)  
  19  1:25  Probe (Chrono Boost), Assimilator  
  20  1:30  Cybernetics Core  
  20  1:36  Probe (Chrono Boost)  
  21  1:47  Probe (Chrono Boost)  
  22  2:06  Warp Gate (Chrono Boost)  
  22  2:11  Stargate  
  22  2:13  Probe  
  23  2:17  Gateway  
  23  2:19  Gateway  
  23  2:22  Pylon  
  22  2:30  Mothership Core  
  24  2:51  Probe  
  24  3:06  Oracle (Chrono Boost)  
  27  3:35  Probe  
  27  3:41  Void Ray (Chrono Boost)  
  32  3:44  Pylon  
  32  4:18  Void Ray (Chrono Boost)  
  32  4:22  Probe  
  37  4:26  Adept x2  
  37  4:27  Adept, Pylon  
  41  5:02  Void Ray (Chrono Boost)  
  45  5:13  Pylon  
  43  5:18  Adept  
  43  5:19  Adept x2  
  37  6:07  Adept x3  
  41  6:19  Void Ray (Chrono Boost)  
  41  6:24  Nexus  
  35  6:36  Adept  
  35  6:37  Adept x2  
  37  6:56  Oracle (Chrono Boost)  
  37  6:58  Zealot  
  37  7:00  Adept x2  
  46  7:06  Probe  
  47  7:18  Probe  
  44  7:30  Probe  
  39  7:37  Adept x3  
  45  7:51  Probe  
  45  7:52  Twilight Council  
  45  7:53  Probe  
  47  8:02  Probe, Void Ray (Chrono Boost)  
  47  8:05  Probe  
  53  8:07  Assimilator  
  53  8:13  Probe  
  53  8:17  Probe  
  51  8:23  Probe  
  48  8:28  Adept x2  
  48  8:29  Probe  
  48  8:30  Resonating Glaives (Chrono Boost)  
  48  8:34  Probe  
  53  8:40  Pylon  
  54  8:41  Probe  
  54  8:43  Mothership Core  
  57  8:51  Pylon  
  57  8:53  Adept  
  57  8:54  Pylon  
  59  9:00  Adept x2  
  63  9:08  Dark Shrine  
  59  9:37  Probe  
  59  9:38  Probe  
  44  9:48  Forge  
  44  9:49  Probe  
  45  9:53  Probe  
  46  10:02  Probe  
  46  10:04  Probe  
  47  10:14  Probe x2  
  47  10:26  Probe  
  47  10:27  Photon Cannon  
  47  10:28  Probe  
  48  10:34  Adept, Assimilator  
  51  10:42  Probe  
  48  11:00  Probe  
  48  11:02  Probe  
  50  11:11  Probe  
  46  11:13  Dark Templar  
  49  11:29  Dark Templar  
Tags
 
Add a new tag
Caveats
  • Supply blocks, unpowered buildings, or Contaminate may cause inaccurate times.
  • Supply counts are checked every 10 seconds.